 Dungeon Crawl Stone Soup version 0.18-a0-952-g309898a (webtiles) character file.

46 filipzpl the Magician (level 3, -6/19 HPs)
             Began as a Deep Elf Wizard on Dec 30, 2015.
             Engulfed by a cloud of flame (25 damage)
             ... on level 2 of the Dungeon.
             The game lasted 00:05:43 (2104 turns).

filipzpl the Magician (Deep Elf Wizard)             Turns: 2104, Time: 00:05:44

Health: -6/19      AC:  2    Str:  4    XL:     3   Next: 46%
Magic:  9/12       EV: 12    Int: 23    God:
Gold:   23         SH:  0    Dex: 13    Spells: 5 memorised, 2 levels left

rFire  . . .     SeeInvis .     (no weapon)
rCold  . . .     Gourm    .     a - +0 robe
rNeg   . . .     Faith    .     e - +0 buckler (curse)
rPois  .         Spirit   .     b - +0 hat
rElec  .         Dismiss  .     (no cloak)
rCorr  .         Reflect  .     (no gloves)
SustAt .         Harm     .     (no boots)
MR     .....                    (no amulet)
Stlth  +.........               (no ring)
                                (no ring)

@: confused, not resistant to hostile enchantments, very unstealthy
A: no striking features
a: no special abilities


You were on level 2 of the Dungeon.
You were very hungry.

You visited 1 branch of the dungeon, and saw 2 of its levels.

You collected 23 gold pieces.

Inventory:

Armour
 a - a +0 robe (worn)
 b - a +0 hat (worn)
 e - a cursed +0 buckler (worn)
Jewellery
 g - a cursed ring of teleportation {unknown}
Scrolls
 f - a scroll of fog {unknown}
 h - a scroll of identify {unknown}
 i - a scroll of amnesia {unknown}
 j - a scroll of noise {unknown}
 m - a scroll of immolation {unknown}
Potions
 l - a potion of might {unknown}
Books
 c - a book of Minor Magic

   Spells                             Type                      Level
   a - Magic Dart                     Conjuration                  1
   b - Blink                          Translocation                2
   c - Call Imp                       Summoning                    2
   d - Repel Missiles                 Charms/Air                   2
   e - Slow                           Hexes                        2
   f - Conjure Flame                  Conjuration/Fire             3
   g - Mephitic Cloud                 Conjuration/Poison/Air       3
Comestibles
 d - 2 bread rations
 k - 2 fruits


   Skills:
 - Level 2.4 Dodging
 - Level 2.4 Stealth
 * Level 5.7 Spellcasting
 + Level 2.2 Conjurations
   Level 1.1 Summonings
 - Level 1.1 Translocations


You had 2 spell levels left.
You knew the following spells:

 Your Spells              Type           Power        Failure   Level  Hunger
a - Magic Dart            Conj           ###.         8%          1    None
b - Repel Missiles        Chrm/Air       #.....       28%         2    None
c - Blink                 Tloc           N/A          14%         2    None
d - Conjure Flame         Conj/Fire      ##......     28%         3    #......
e - Mephitic Cloud        Conj/Pois/Air  ##......     34%         3    #......


Dungeon Overview and Level Annotations

Branches:
Dungeon (2/15)

Altars:

Annotations:
D:2 Sigmund


Message History

Your magical contamination has completely faded away.
You see here a rat skeleton.
There is a stone staircase leading down here.
You climb downwards.
Level annotation: Sigmund
There is a stone staircase leading up here.
Casting: Magic Dart
Confirm with . or Enter, or press ? or * to list all spells.
Aiming: Conjure Flame
Press: ? - help, Dir - move target cursor The fire roars!
Sigmund points at you and mumbles some strange words.
You are confused.
You bump into the rock wall.
Sigmund mumbles some strange words.
Sigmund flickers and vanishes!
Something barely misses you.
You are engulfed in roaring flames.
Ouch! That really hurt!
You die...

#.....# #.###..##.#
###.### ##.###...#.#
#.# #....(...#.# #.###
#..###...#.# #...#
#..# #...#.# #.#.#
#..# #...#.# #.#.#
#.># #...#.#
#.#<####..###÷..#.#
#....@{.).......#.##
###.####...........###
#.# #......÷.......
#.# #.#.##.#..#.###
#.# #......#..#.# #.#
###.......#K# #.#
#######.#)# #.. #.#.#
#)#.#


There were no monsters in sight!

Vanquished Creatures
  An adder (D:2)
  A giant gecko (D:1)
  A bat (D:1)
  A giant cockroach (D:1)
  8 goblins
  4 hobgoblins
  A ball python (D:1)
  2 giant newts (D:1)
  10 kobolds
  5 rats (D:1)
34 creatures vanquished.

Notes
Turn   | Place    | Note
--------------------------------------------------------------
     0 | D:1      | filipzpl the Deep Elf Wizard began the quest for the Orb.
     0 | D:1      | Reached XP level 1. HP: 10/10 MP: 7/7
   125 | D:1      | Reached XP level 2. HP: 4/15 MP: 0/9
   467 | D:1      | Reached skill level 5 in Spellcasting
  1477 | D:2      | Reached XP level 3. HP: 19/19 MP: 8/11
  1481 | D:2      | Learned a level 2 spell: Repel Missiles
  1484 | D:2      | Learned a level 2 spell: Blink
  1488 | D:2      | Learned a level 3 spell: Conjure Flame
  1492 | D:2      | Learned a level 3 spell: Mephitic Cloud
  1772 | D:2      | Noticed Sigmund
  2104 | D:2      | Engulfed by a cloud of flame

Vault maps used:
D:1:      tarquinn_simple_flora_water_f, serial_bayou_pond_c,
          minmay_misc_feat_chi
D:2:      gammafunk_temple_overflow_elements, ecumenical_altar_1, first_bread,
          uniq_sigmund, uniq_natasha, uniq_iyjb

Action                   || total
-------------------------++-------
Melee: Unarmed           ||    30
 Cast: Magic Dart        ||    87
       Conjure Flame     ||     1
       Mephitic Cloud    ||     1
  Eat: Chunk             ||     2
